 Dungeon Crawl Stone Soup version 0.23.2-1-ga50397a (webtiles) character file.

Game seed: 892208038156252913

99206 GuyDeFluk the Bewitcher (level 15, -5/80 HPs)
             Began as a Spriggan Enchanter on May 12, 2019.
             Was the Champion of Dithmenos.
             Slain by a five-headed hydra (13 damage)
             ... on level 4 of the Swamp on May 13, 2019.
             The game lasted 05:17:58 (39417 turns).

GuyDeFluk the Bewitcher (Spriggan Enchanter)       Turns: 39417, Time: 05:18:00

Health: -5/80      AC:  4    Str:  6    XL:     15   Next: 77%
Magic:  2/29       EV: 36    Int: 19    God:    Dithmenos [******]
Gold:   2435       SH:  8    Dex: 19    Spells: 18/32 levels left

rFire    + + .     SeeInvis +   l - +3 dagger (venom)
rCold    + . .     Gourm    .   A - +0 buckler
rNeg     . . .     Faith    .   f - +2 robe {rF+}
rPois    +         Spirit   .   y - +0 hat {MR+}
rElec    +         Reflect  .   p - scarf {repulsion}
rCorr    +         Harm     .   (gloves unavailable)
MR       +++..                  (boots unavailable)
Stlth    ++++++++++             (no amulet)
HPRegen  0.23/turn              s - ring of poison resistance
MPRegen  0.21/turn              m - +5 ring of evasion

@: resistant, wreathed by umbra, repel missiles, very quick
A: very small, unfitting armour, see invisible, herbivore, speed 3, slow
metabolism 2
a: Shadow Step, Shadow Form, Renounce Religion


You were on level 4 of the Swamp.
You worshipped Dithmenos.
Dithmenos was exalted by your worship.
You were not hungry.

You visited 5 branches of the dungeon, and saw 28 of its levels.

You collected 2757 gold pieces.
You spent 322 gold pieces at shops.

Inventory:

Hand Weapons
 g - a +2 dagger of speed
 l - a +3 dagger of venom (weapon)
 o - a +2 dagger of draining
Armour
 f - a +2 robe of fire resistance (worn)
 h - a +2 robe of magic resistance
 p - a scarf of repulsion (worn)
 y - a +0 hat of magic resistance (worn)
 A - a +0 buckler (worn)
 O - a +0 cloak of magic resistance
Jewellery
 e - an uncursed ring of flight
 m - a +5 ring of evasion (right hand)
 s - a ring of poison resistance (left hand)
 w - an uncursed ring of protection from cold
 H - an uncursed ring of positive energy
 J - an uncursed ring of protection from fire
Wands
 n - a wand of flame (33)
 r - a wand of polymorph (10)
 u - a wand of clouds (6)
 C - a wand of iceblast (11)
 I - a wand of disintegration (27)
 K - a wand of acid (19)
 P - a wand of digging (12)
Scrolls
 a - a scroll of enchant weapon
 b - 6 scrolls of magic mapping
 k - 13 scrolls of teleportation
 t - 6 scrolls of remove curse
 v - a scroll of holy word
 x - 4 scrolls of amnesia
 z - 2 scrolls of fog
 B - 7 scrolls of identify
 M - a scroll of acquirement
Potions
 c - 10 potions of curing
 i - 4 potions of ambrosia
 j - 3 potions of flight
 q - a potion of magic
 D - 2 potions of mutation
 E - a potion of might
 G - 2 potions of resistance
 L - a potion of brilliance
Comestibles
 d - 37 rations


   Skills:
 - Level 10.0 Fighting
 - Level 10.0 Short Blades
 + Level 13.8 Dodging
 - Level 16.0 Stealth
 - Level 7.2 Shields
 - Level 9.1 Spellcasting
 + Level 18.7 Hexes


You had 18 spell levels left.
You knew the following spells:

 Your Spells              Type           Power        Failure   Level  Hunger
a - Corona                Hex            ######.      0%          1    None
b - Ensorcelled Hibernat  Hex/Ice        #####.       1%          2    None
c - Confuse               Hex            ######..     0%          3    None
d - Dazzling Spray        Conj/Hex       #####.       1%          3    None
e - Dispel Undead         Necr           #.......     92%         5    #####..

Your spell library contained the following spells:

 Spells                   Type           Power        Failure   Level  Hunger
 Confusing Touch          Hex            ######       0%          1    None
 Tukima's Dance           Hex            ######..     0%          3    None
 Spectral Weapon          Hex/Chrm       #####...     1%          3    None
 Fulminant Prism          Conj/Hex       #####.....   1%          4    ###....
 Metabolic Englaciation   Hex/Ice        #####.....   4%          5    #####..
 Summon Mana Viper        Hex/Summ       #####...     4%          5    #####..
 Yara's Violent Unravell  Hex/Tmut       #####.....   4%          5    #####..
 Freeze                   Ice            #...         9%          1    None
 Infusion                 Chrm           #...         9%          1    None
 Magic Dart               Conj           #...         9%          1    None
 Summon Butterflies       Summ           #.......     9%          1    None
 Corpse Rot               Necr           N/A          12%         2    None
 Searing Ray              Conj           #.....       12%         2    None
 Shroud of Golubria       Chrm/Tloc      #.........   12%         2    None
 Song of Slaying          Chrm           #.......     12%         2    None
 Sublimation of Blood     Necr           #.........   12%         2    None
 Throw Frost              Conj/Ice       #.....       12%         2    None
 Call Canine Familiar     Summ           #.......     24%         3    None
 Gell's Gravitas          Tloc           #.........   24%         3    None
 Ozocubu's Armour         Chrm/Ice       #.......     24%         3    None
 Regeneration             Chrm/Necr      #.........   24%         3    None
 Force Lance              Conj/Tloc      #.......     63%         4    ###....
 Iskenderun's Mystic Bla  Conj           #.......     63%         4    ###....
 Petrify                  Tmut/Erth      #.......     63%         4    ###....
 Summon Ice Beast         Ice/Summ       #.......     63%         4    ###....
 Throw Icicle             Conj/Ice       #.......     63%         4    ###....
 Agony                    Necr           #.......     92%         5    #####..
 Bolt of Draining         Conj/Necr      #.........   92%         5    #####..
 Excruciating Wounds      Chrm/Necr      #.........   92%         5    #####..
 Summon Hydra             Summ           #.........   100%        7    #######


Dungeon Overview and Level Annotations

Branches:
Dungeon (15/15)            Temple (1/1) D:5            Lair (6/6) D:11
  Swamp (4/4) Lair:3       Spider (0/4) Lair:4        Slime (0/5) Lair:6
    Orc (2/2) D:9             Elf (0/3) Orc:2        Vaults (0/5) D:14
 Depths (0/5) D:15

Altars:
Ashenzari
Cheibriados
Dithmenos
Hepliaklqana
Kikubaaqudgha
Nemelex Xobeh
Okawaru
Sif Muna
Trog
Uskayaw
Vehumet
Wu Jian
Xom
Yredelemnul
Beogh

Shops:
Orc:2 *%%*%

Annotations:
D:12 1 exclusion
D:15 Kirk+DireElephant+Hydra, Kirke
Swamp:2 WARNING 2 MANGROVES


Innate Abilities, Weirdness & Mutations

You are very small and have problems with some larger weapons.
You are too small for most types of armour.
You have supernaturally acute eyesight. (SInv)
You are a herbivore.
You cover ground extremely quickly.
You need to consume almost no food.


Message History

Moving in this stuff is going to be slow.
You enter the shallow water.
Moving in this stuff is going to be slow.
The bog body casts a spell at you. The bolt of cold hits you!!
* * * LOW HITPOINT WARNING * * *
Unknown command.
Okay, then.
Okay, then.
Unknown command.
Okay, then.
Okay, then.
You feel protected.
The five-headed hydra is engulfed in freezing vapours.
The five-headed hydra seems to slow down.
You block the five-headed hydra's attack.
The five-headed hydra bites you!
* * * LOW HITPOINT WARNING * * *
The five-headed hydra bites you!
You die...

..§♣♣♣§≈≈.≈≈≈≈≈≈≈≈≈≈.♣..≈.♣
≈.≈♣♣..≈..≈≈≈≈≈≈≈≈≈..≈.≈≈≈
≈..≈♣♣....≈≈≈≈...≈≈≈≈≈.≈≈≈
.<≈≈.≈<≈♣♣.≈≈≈...≈.≈≈≈≈.≈
≈≈≈≈≈...≈♣♣†≈.....≈≈≈≈≈♣
≈≈≈≈≈≈..♣≈^≈≈....≈≈≈≈≈.♣
≈≈≈≈≈§.≈†.≈≈≈.≈≈≈≈≈≈≈≈.♣
≈(÷...≈≈≈≈≈≈≈...≈..#.###
......≈≈≈≈.≈≈≈≈.@..≈..P####
.≈♣≈.≈≈≈≈.§≈≈≈≈≈D.#......≈≈.
..≈≈.≈≈≈≈.≈≈≈≈≈≈n♣#.P.....8.
[.≈≈≈≈≈≈..≈≈≈≈≈≈.♣...§..#..n
..≈≈≈≈≈≈♣≈≈≈≈..♣k≈†#P.≈...8D
.≈≈≈≈≈≈...≈≈≈♣♣≈..≈#.##..D..
...≈≈≈≈.≈≈..≈♣♣♣≈.≈#≈≈.D..n.
.≈≈≈≈≈≈≈ ♣♣♣♣♣.$≈.≈#†(≈8$8≈.
♣≈.≈††.††.PP..≈.


You could see a five-headed hydra, a bog body and a swamp drake.

Vanquished Creatures
  A tentacled monstrosity (Swamp:1)
  Gastronok (Lair:3)
  Nessos (D:15)
  2 catoblepae
  2 ghost crabs (Swamp:3)
  21 hydras
  2 dancing weapons (D:14)
  9 alligators
  A tengu warrior (D:15)
  A deep troll shaman (Lair:6)
  2 death yaks (Lair:6)
  A two-headed ogre (D:15)
  3 spriggans (Swamp:2)
  3 unseen horrors
  2 spriggan druids
  A wizard (D:14)
  7 swamp dragons
  A lindwurm (Lair:5)
  An orc sorcerer (Orc:2)
  Pikel (D:5)
  An orc knight (Orc:2)
  A deep elf mage (D:14)
  2 ugly things
  2 cyclopes
  2 manticores
  3 black mambas
  9 elephants
  5 orange demons (D:11)
  11 spiny frogs
  3 gargoyles
  5 centaur skeletons
  A kobold demonologist (D:13)
  An efreet (D:13)
  2 rime drakes
  7 komodo dragons
  A tengu conjurer (D:15)
  3 red devils (D:11)
  A jumping spider (Lair:4)
  10 trolls
  3 hornets
  13 bog bodies
  Prince Ribbit (D:6)
  11 tyrant leeches
  5 slime creatures
  5 dream sheep (Lair:5)
  10 hippogriffs
  12 blink frogs
  3 shadows
  5 wyverns
  2 basilisks
  2 wraiths (D:14)
  41 yaks
  2 hogs (D:15)
  5 hungry ghosts
  16 vampire mosquitoes
  Menkaure (D:7)
  14 insubstantial wisps
  12 swamp worms
  3 wargs (Orc:2)
  Edmund (D:6)
  2 soldier ants
  13 water moccasins
  7 porcupines
  A slave (D:5)
  9 swamp drakes
  33 orc warriors
  4 sky beasts
  4 ice beasts
  An eye of draining (D:9)
  3 phantoms
  5 black bears
  2 necrophages
  5 wolves (Lair:6)
  8 boggarts
  12 ogres
  15 centaurs
  13 crocodiles
  3 big kobolds
  17 bullfrogs
  5 scorpions
  A wyvern skeleton (D:14)
  7 killer bees
  2 electric eels
  13 wights
  4 howler monkeys
  4 crimson imps
  3 bullfrog zombies
  4 centaur zombies
  8 jellies
  3 hounds
  19 orc priests
  Crazy Yiuf (D:6)
  17 orc wizards
  2 bullfrog skeletons
  7 iguanas
  10 worker ants
  A hound zombie (D:5)
  A hound skeleton (D:10)
  2 howler monkey zombies
  4 worker ant zombies
  13 adders
  3 shadow imps
  3 adder zombies
  6 oozes
  2 adder skeletons
  A worm (D:4)
  4 dart slugs
  2 leopard geckos (D:2)
  94 orcs
  2 ball pythons
  7 bats
  6 giant cockroaches
  8 goblins
  11 hobgoblins
  16 jackals
  16 kobolds
  8 quokkas
  7 frilled lizards
  2 jackal skeletons (D:4)
  A jackal zombie (D:7)
  A leopard gecko skeleton (D:4)
  A quokka zombie (D:7)
  10 rats
  2 fungi
  A plant (Lair:6)
802 creatures vanquished.

Vanquished Creatures (collateral kills)
  A porcupine (D:11)
1 creature vanquished.

Vanquished Creatures (others)
  A vampire mosquito (Lair:2)
  2 slaves (D:6)
  2 wights (D:6)
  A bush (Lair:1)
  14 fungi
  10 plants
30 creatures vanquished.

Grand Total: 833 creatures vanquished

Notes
Turn   | Place    | Note
-------+----------+-------------------------------------------
     0 | D:1      | GuyDeFluk the Spriggan Enchanter began the quest for the
                  | Orb.
     0 | D:1      | Reached XP level 1. HP: 9/9 MP: 5/5
   710 | D:1      | Reached XP level 2. HP: 2/13 MP: 6/6
  1559 | D:1      | Reached skill level 5 in Stealth
  1974 | D:2      | Reached XP level 3. HP: 14/16 MP: 8/8
  2519 | D:2      | Found an iron altar of Okawaru.
  2545 | D:2      | Reached XP level 4. HP: 21/21 MP: 9/9
  2848 | D:3      | Learned a level 2 spell: Ensorcelled Hibernation
  2852 | D:3      | Learned a level 3 spell: Confuse
  3370 | D:3      | Reached XP level 5. HP: 24/24 MP: 10/10
  3620 | D:3      | Found a radiant altar of Vehumet.
  4001 | D:3      | Learned a level 3 spell: Dazzling Spray
  4346 | D:4      | Reached skill level 5 in Short Blades
  4465 | D:4      | Reached XP level 6. HP: 16/28 MP: 11/11
  5172 | D:5      | Entered Level 5 of the Dungeon
  5225 | D:5      | Reached skill level 4 in Hexes
  5238 | D:5      | Noticed a water moccasin
  5245 | D:5      | Killed a water moccasin
  5245 | D:5      | Reached skill level 5 in Spellcasting
  5245 | D:5      | Reached XP level 7. HP: 32/32 MP: 13/15
  5294 | D:5      | Found a staircase to the Ecumenical Temple.
  5304 | Temple   | Entered the Ecumenical Temple
  5362 | Temple   | Became a worshipper of Dithmenos the Shadowed
  5474 | D:5      | Found a faded altar of an unknown god.
  5474 | D:5      | Found a hazy altar of Hepliaklqana.
  5479 | D:5      | Found a shattered altar of Ashenzari.
  5483 | D:5      | Found a basalt altar of Yredelemnul.
  5485 | D:5      | Found an ancient bone altar of Kikubaaqudgha.
  5629 | D:5      | Reached skill level 5 in Hexes
  5661 | D:5      | Found a deep blue altar of Sif Muna.
  6479 | D:6      | Noticed Edmund
  6506 | D:6      | Noticed Pikel
  6758 | D:5      | Killed Pikel
  6758 | D:5      | Reached skill level 7 in Hexes
  6758 | D:5      | Reached XP level 8. HP: 36/36 MP: 13/19
  6849 | D:6      | Killed Edmund
  6901 | D:6      | Reached skill level 8 in Hexes
  7276 | D:6      | Reached * piety under Dithmenos
  7898 | D:6      | Noticed Prince Ribbit
  7916 | D:6      | Killed Prince Ribbit
  8071 | D:6      | Found a runed translucent door.
  8072 | D:6      | Noticed Crazy Yiuf
  8206 | D:6      | Reached XP level 9. HP: 19/39 MP: 15/23
  8361 | D:6      | Reached skill level 9 in Hexes
  8480 | D:6      | Found a hide-covered altar of Uskayaw.
  8489 | D:6      | Noticed a +0 dagger
  8494 | D:6      | Noticed a +0 dagger
  9165 | D:6      | Killed Crazy Yiuf
  9266 | D:7      | Reached skill level 10 in Hexes
  9322 | D:7      | Reached ** piety under Dithmenos
  9470 | D:7      | Noticed Menkaure
  9480 | D:7      | Killed Menkaure
  9480 | D:7      | Reached skill level 1 in Fighting
  9708 | D:7      | Reached skill level 5 in Dodging
 10920 | D:8      | Reached *** piety under Dithmenos
 10920 | D:8      | Reached XP level 10. HP: 42/51 MP: 14/24
 11413 | D:9      | Reached skill level 5 in Fighting
 12561 | D:9      | Found a staircase to the Orcish Mines.
 12570 | D:9      | Found a roughly hewn altar of Beogh.
 13195 | D:9      | Reached **** piety under Dithmenos
 13526 | D:10     | Entered Level 10 of the Dungeon
 13530 | D:10     | Noticed an unseen horror
 13536 | D:10     | Killed an unseen horror
 13536 | D:10     | Reached skill level 10 in Stealth
 14066 | D:10     | Reached XP level 11. HP: 49/55 MP: 22/25
 14317 | D:10     | Reached skill level 11 in Hexes
 15116 | D:10     | Reached ***** piety under Dithmenos
 15651 | D:11     | Reached skill level 12 in Hexes
 16059 | D:11     | Noticed a red ugly thing
 16066 | D:11     | Found a staircase to the Lair.
 16104 | D:11     | Killed a red ugly thing
 16200 | D:11     | Noticed an unseen horror
 16257 | D:11     | Identified the +2 quarterstaff "Volos" {drain, +Rage}
 16459 | D:11     | Killed an unseen horror
 16573 | D:11     | Reached skill level 13 in Hexes
 16603 | D:11     | You fall through a shaft for 3 floors!
 16842 | D:12     | Noticed a cyan ugly thing
 16845 | D:12     | Killed a cyan ugly thing
 16874 | D:12     | Learned a level 5 spell: Dispel Undead
 16977 | D:12     | Reached XP level 12. HP: 60/60 MP: 23/26
 17311 | D:11     | Reached skill level 14 in Hexes
 18066 | D:11     | Reached skill level 15 in Stealth
 18250 | D:11     | Reached skill level 15 in Hexes
 18306 | D:11     | Reached skill level 1 in Shields
 18339 | Lair:1   | Entered Level 1 of the Lair of Beasts
 18339 | Lair:1   | Noticed a five-headed hydra
 18342 | Lair:1   | Killed a five-headed hydra
 19357 | Lair:1   | Reached skill level 5 in Shields
 19914 | Lair:2   | Noticed a five-headed hydra
 19930 | Lair:2   | Killed a five-headed hydra
 20317 | Lair:2   | Reached ****** piety under Dithmenos
 20328 | Lair:2   | Reached XP level 13. HP: 63/63 MP: 8/27
 21625 | Lair:3   | Noticed Gastronok
 21676 | Lair:3   | Killed Gastronok
 22407 | Lair:3   | Found a staircase to the Swamp.
 22940 | Lair:4   | Found an iron altar of Okawaru.
 23103 | Lair:4   | Found a hole to the Spider Nest.
 24266 | Lair:5   | Reached skill level 10 in Short Blades
 24990 | Lair:6   | Entered Level 6 of the Lair of Beasts
 25046 | Lair:6   | Found a staircase to the Slime Pits.
 26028 | Lair:6   | Reached XP level 14. HP: 62/72 MP: 16/28
 27690 | Orc:1    | Entered Level 1 of the Orcish Mines
 28173 | Orc:2    | Entered Level 2 of the Orcish Mines
 28340 | Orc:2    | Reached skill level 16 in Hexes
 28629 | Orc:2    | Found a staircase to the Elven Halls.
 29591 | Orc:2    | Found Deadaf's Food Shop.
 29810 | Orc:2    | Found Ceud's Food Shoppe.
 29810 | Orc:2    | Found Weaprial's Food Boutique.
 29812 | Orc:2    | Found Iryush's Assorted Antiques.
 29814 | Orc:2    | Found Exteg's General Store.
 29996 | Orc:2    | Bought a triangular soapstone amulet for 115 gold pieces
 29996 | Orc:2    | Bought an embroidered hat for 161 gold pieces
 29996 | Orc:2    | Bought a scroll of identify for 46 gold pieces
 30633 | D:12     | Found an ornate altar of the Wu Jian Council.
 30715 | D:13     | Found a bloodstained altar of Trog.
 31722 | D:14     | Found a gate to the Vaults.
 32521 | D:15     | Entered Level 15 of the Dungeon
 32855 | D:15     | Reached skill level 10 in Fighting
 32905 | D:15     | Noticed Nessos
 32908 | D:15     | Killed Nessos
 33067 | D:15     | Reached skill level 17 in Hexes
 33326 | D:15     | Found a staircase to the Depths.
 33327 | D:15     | Noticed an emperor scorpion
 33327 | D:15     | Noticed Kirke
 33805 | Swamp:1  | Entered Level 1 of the Swamp
 34411 | Swamp:1  | Reached XP level 15. HP: 80/80 MP: 27/29
 34703 | Swamp:1  | Reached skill level 10 in Dodging
 34791 | Swamp:1  | Identified a scroll of acquirement
 35188 | Swamp:2  | Noticed a tentacled monstrosity
 35255 | Swamp:1  | Killed a tentacled monstrosity
 36679 | Swamp:2  | HP: 1/80 [five-headed hydra (17)]
 37798 | Swamp:2  | Reached skill level 18 in Hexes
 38850 | Swamp:4  | Entered Level 4 of the Swamp
 39417 | Swamp:4  | Slain by a five-headed hydra

Skill      XL: |  1  2  3  4  5  6  7  8  9 10 11 12 13 14 15 |
---------------+----------------------------------------------+-----
Short Blades   | 2 3 4 5 8 10 | 10.0
Stealth        | 5 6 7 8 11 14 15 16 | 16.0
Spellcasting   | 3 5 6 9 |  9.1
Hexes          | 4 7 8 10 13 15 17 18 | 18.7
Fighting       | 4 5 7 10 | 10.0
Dodging        | 6 7 8 9 13 | 13.8
Shields        | 6 7 |  7.2

Action                   |  1- 3 |  4- 6 |  7- 9 | 10-12 | 13-15 || total
-------------------------+-------+-------+-------+-------+-------++-------
Melee: Dagger            |   129 |   176 |   401 |   592 |   977 ||  2275
 Cast: Corona            |     3 |     3 |    14 |       |       ||    20
       Confuse           |       |       |    55 |   153 |   254 ||   462
       Ensorcelled Hiber |       |       |    31 |   107 |    99 ||   237
       Dazzling Spray    |       |       |       |    17 |    89 ||   106
  Use: Scroll            |     2 |     8 |    10 |     9 |    17 ||    46
       Potion            |       |     1 |       |     3 |    15 ||    19
 Stab: Sleeping          |     6 |    17 |    31 |    91 |   160 ||   305
       Distracted        |       |     2 |       |     3 |     5 ||    10
       Confused          |       |       |    31 |    72 |   154 ||   257
       Invisible         |       |       |       |     5 |    14 ||    19
  Eat: Ration            |       |     1 |     4 |     5 |     9 ||    19
Armor: Robe              |    18 |     5 |    22 |    27 |    19 ||    91
Dodge: Dodged            |    97 |    94 |   251 |   342 |   547 ||  1331
       Deflected         |       |       |     3 |     2 |    18 ||    23
Block: Buckler           |       |       |       |       |   203 ||   203
